cohdb
Replays
Latest Replays
All Replays
Popular Replays
Top Player Replays
Match Explorer
How It Works
Community
CoH3 Stats
Reddit
Sign in to upload your games and track your stats! →
Sign in with Steam
Match 38321749
Unlisted
Match 38321749
Overview
Messages
Build Orders
End
Construct Infanterie Kompanie
MG 42 Machine Gun Team
Grenadier Squad
Grenadier Squad
Selects Breakthrough Battlegroup
Selects Assault Grenadiers
Construct Panzergrenadier Kompanie
GrW 34 Mortar Team
251 Medium Carrier
251 Medium Carrier
Pak 40 Anti-tank Gun Team
Panzergrenadier Squad
251 Medium Carrier
Selects 2.5-tonne Cargo Truck
2.5-tonne Cargo Truck
Pioneer Squad
251 Medium Carrier
Pak 40 Anti-tank Gun Team
Selects Breakthrough
Selects Incendiary Bombing Run
Naveed #No2IRGC
Guernord
SK4F6
Prof. Dr. Redbullet (GER)
Jackatm
[PD]Brink
Monkey CPU
JESTER 689
0
0
Comments
sign in to comment!
No comments posted yet!